 Dungeon Crawl Stone Soup version 0.31-a0-845-g9abc20d24f (webtiles) character file.

Game seed: 3303246434699417065

1953 LeprechaunX the Changeling (level 9, -7/60 HPs)
             Began as an Octopode Shapeshifter on Oct 2, 2023.
             Killed from afar by an electric eel (13 damage)
             ... with a bolt of electricity
             ... on level 5 of the Dungeon.
             The game lasted 00:09:01 (6276 turns).

LeprechaunX the Changeling (Octopode Shapeshifter)  Turns: 6276, Time: 00:09:02

Health: -7/60      AC:  1    Str: 18    XL:     9   Next: 19%
Magic:  9/9        EV: 13    Int: 12    God:
Gold:   270        SH:  8    Dex: 11    Spells: 8/8 levels left

rFire   + . .        a - +0 sling
rCold   . . .        s - +0 kite shield
rNeg    . . .        (helmet currently unavailable)
rPois   .            (no amulet)
rElec   .            f - ring of protection from fire
rCorr   .            (no ring)
SInv    .            (no ring)
Will    .....        (no ring)
Stlth   ++           (no ring)
HPRegen 0.30/turn    (no ring)
MPRegen 0.11/turn    (no ring)
                     (no ring)

%: no passive effects
@: beast-form
A: beast (slay +4), almost no armour, amphibious, 8 rings, camouflage 1,
gelatinous body 1, (nimble swimmer 1), tentacles
a: Begin Untransformation


You were on level 5 of the Dungeon.
You were a hulking beast.
You visited 1 branch of the dungeon, and saw 5 of its levels.
You also visited: Ossuary.

You collected 270 gold pieces.

Inventory:

Hand Weapons
 a - a +0 sling (weapon)
Armour
 s - a +0 kite shield (worn)
Jewellery
 f - a ring of protection from fire (left tentacle)
Talismans
 b - a beast talisman (active)
 c - a flux talisman
Wands
 r - a wand of charming (3)
 t - a wand of polymorph (20)
Scrolls
 d - a scroll of revelation {unknown}
 e - 4 scrolls of amnesia {unknown}
 g - a scroll of immolation {unknown}
 k - 2 scrolls of vulnerability {unknown}
 l - a scroll of torment {unknown}
 p - a scroll of blinking {unknown}
 q - 4 scrolls of identify {unknown}
 u - 2 scrolls of teleportation {unknown}
 v - a scroll of enchant armour {unknown}
 y - 2 scrolls of fear {unknown}
Potions
 h - 2 potions of mutation {unknown}
 i - 3 potions of curing {unknown}
 m - a potion of resistance {unknown}
 n - 4 potions of might {unknown}
 o - a potion of brilliance {unknown}
 w - a potion of attraction {unknown}
 x - a potion of heal wounds {unknown}


   Skills:
 + Level 4.9 Fighting
 + Level 5.3 Dodging
 + Level 3.3 Shields
 + Level 5.7 Unarmed Combat
 * Level 7.1 Shapeshifting


You had 8 spell levels left.
You didn't know any spells.
Your spell library contained the following spells:

 Spells                   Type           Power      Damage    Failure   Level
 Apportation              Tloc           0%         N/A       65%         1
 Slow                     Hex            0%         N/A       65%         1
 Jinxbite                 Hex            0%         N/A       78%         2
 Confusing Touch          Hex            0%         N/A       95%         3
 Sigil of Binding         Hex            0%         N/A       95%         3
 Vampiric Draining        Necr           0%         2d6       95%         3
 Alistair's Intoxication  Tmut/Pois      0%         N/A       100%        5


Dungeon Overview and Level Annotations

Branches:
Dungeon (5/15)            Ossuary (visited)
 Temple: D:4-7

Altars:
Nemelex Xobeh

Shops:
D:3 :   D:5 =

Annotations:
D:5 1 runed translucent door, Crazy Yiuf


Innate Abilities, Weirdness & Mutations

You are a hulking beast.
Your limbs bulge with bestial killing power. (Slay +4)
You cannot wear most types of armour.
You are amphibious.
You can wear up to eight rings at the same time.
Your skin changes colour to match your surroundings (Stealth+).
Your rubbery body absorbs attacks. (AC +1, EV +1)
((You are camouflaged when in or above water. (Stealth+)))
You have tentacles for arms and can constrict up to eight enemies at once.


Message History

HP restored.
You shoot a sling bullet.
The sling bullet misses the electric eel.
The electric eel shoots out a bolt of lightning at you!
The bolt of electricity hits you! x2
You shoot a sling bullet. The sling bullet hits the electric eel.
The electric eel is moderately wounded.
The electric eel shoots out a bolt of lightning at you!
The bolt of electricity hits you! The bolt of electricity misses you.
You start resting.
HP restored.
No target in view!
You start waiting.
An electric eel is nearby!
You shoot a sling bullet.
The sling bullet misses the electric eel.
The electric eel shoots out a bolt of lightning at you!
The bolt of electricity hits you!
You shoot a sling bullet.
The sling bullet barely misses the electric eel.
The electric eel shoots out a bolt of lightning at you!
The bolt of electricity hits you!
You shoot a sling bullet.
The sling bullet closely misses the electric eel.
The electric eel shoots out a bolt of lightning at you!
The bolt of electricity hits you!
You start resting.
HP restored.
You shoot a sling bullet.
The sling bullet misses the electric eel.
The electric eel shoots out a bolt of lightning at you!
The bolt of electricity hits you! x2
The electric eel shoots out a bolt of lightning at you!
The bolt of electricity hits you! x2
* * * LOW HITPOINT WARNING * * *
The electric eel shoots out a bolt of lightning at you!
The bolt of electricity hits you!
* * * LOW HITPOINT WARNING * * *
The bolt of electricity hits you!
You die...

)..##.######≈≈$≈≈####.#
...#~##≈≈≈##)%~.~#<.).#
##.#~#≈†~≈≈#)~~..######
##.#~#..÷.(#S..SP#
#).#~#...~[#.....#
))##.#PP.~P#....
..##.#.....##..'###
..##.#.....#####..#
..##.##..'##~~).h##
..###~####..~##### ..#
##~~~..### ..# #######
..# .## .# .# .#


You could see 2 electric eels.

Vanquished Creatures
  Grinder (D:3)
  Sigmund (D:2)
  An ice beast (D:5)
  2 ogres (D:5)
  A centaur (D:5)
  A phantom (D:4)
  An elf zombie (Ossuary)
  3 scorpions
  A wight (D:5)
  3 electric eels (D:5)
  6 centaur zombies (Ossuary)
  5 human zombies (Ossuary)
  A jelly (D:5)
  A hound (D:4)
  2 iguanas
  Jessica (D:2)
  Ijyb (D:5)
  3 mummies (Ossuary)
  Robin (D:2)
  7 gnolls
  4 adders
  A shadow imp (D:5)
  3 ufetubi (D:5)
  2 worms
  A dart slug (D:1)
  6 orcs
  3 endoplasms
  4 giant cockroaches
  13 goblins
  10 hobgoblins
  10 jackals
  8 kobolds
  A quokka (D:5)
  10 ball pythons
  3 bats
  6 frilled lizards
  4 rats
132 creatures vanquished.

Notes
Turn   | Place    | Note
-------+----------+-------------------------------------------
     0 | D:1      | LeprechaunX the Octopode Shapeshifter began the quest for
                  | the Orb.
     0 | D:1      | Reached XP level 1. HP: 13/13 MP: 1/1
    84 | D:1      | Reached XP level 2. HP: 18/18 MP: 2/2
   148 | D:1      | You fall into a shaft and drop 1 floor!
   390 | D:1      | Reached XP level 3. HP: 23/23 MP: 3/3
   501 | D:2      | Noticed Sigmund
   521 | D:2      | Killed Sigmund
   522 | D:2      | Reached skill level 4 in Shapeshifting
   522 | D:2      | Reached XP level 4. HP: 17/30 MP: 4/4
   522 | D:2      | Reached XP level 5. HP: 20/35 MP: 5/5
   756 | D:2      | Noticed Jessica
   764 | D:2      | Killed Jessica
   857 | D:2      | Noticed Robin
   878 | D:2      | Reached XP level 6. HP: 23/41 MP: 6/6
   885 | D:2      | Killed Robin
  1561 | D:3      | Found Plog's Vocational Training.
  1737 | D:3      | Noticed Grinder
  1778 | D:3      | Killed Grinder
  1779 | D:3      | Reached skill level 5 in Shapeshifting
  1779 | D:3      | Reached XP level 7. HP: 11/46 MP: 7/7
  2328 | D:4      | Found a sand-covered staircase.
  2345 | Ossuary  | Entered an ossuary
  2379 | Ossuary  | Reached skill level 1 in Shields
  2505 | Ossuary  | Reached XP level 8. HP: 40/54 MP: 8/8
  2587 | Ossuary  | Reached skill level 6 in Shapeshifting
  2827 | D:4      | Reached skill level 5 in Unarmed Combat
  3290 | D:5      | Entered Level 5 of the Dungeon
  3290 | D:5      | Noticed Ijyb
  3300 | D:5      | Killed Ijyb
  3448 | D:5      | Found a runed translucent door.
  3449 | D:5      | Noticed Crazy Yiuf
  3574 | D:5      | Found a sparkling altar of Nemelex Xobeh.
  3615 | D:5      | Found Hitemot's Jewellery Emporium.
  3759 | D:5      | Reached skill level 5 in Dodging
  4208 | D:5      | Reached XP level 9. HP: 28/59 MP: 9/9
  4430 | D:5      | Reached skill level 7 in Shapeshifting
  6276 | D:5      | Killed from afar by an electric eel

Illustrated notes

Levels and vault maps discovered:
D:1:      heliophobic_arrival_battle_scene, layout_rooms
D:2:      layout_basic, kennysheep_generic_room_10, uniq_jessica, uniq_sigmund,
          uniq_robin
D:3:      layout_rooms, hex_large, nicolae_shop_vocational, uniq_grinder
D:4:      layout_loops_ring, chequers_ossuary_entry_cave,
          grunt_decor_mini_mirrors
D:5:      cheibrodos_two_vegetables, layout_basic,
          nemelex_xobeh_ov_fountains_minmay, serial_shops,
          nicolae_shop_tiny_statue_garden, kennysheep_small_spiral,
          nrook_mini_backslash, uniq_ijyb, uniq_crazy_yiuf_cottage

Skill      XL: |  1  2  3  4  5  6  7  8  9 |
---------------+----------------------------+-----
Fighting       | 2 3 4 |  4.9
Dodging        | 3 4 5 |  5.3
Shapeshifting  | 4 5 6 7 |  7.1
Unarmed Combat | 4 5 |  5.7
Shields        | 1 3 |  3.3

Action                     |  1- 3 |  4- 6 |  7- 9 || total
---------------------------+-------+-------+-------++-------
  Melee: Unarmed           |    43 |    68 |   190 ||   301
         Constrict         |    15 |    21 |    30 ||    66
         Tentacles         |     5 |    13 |    49 ||    67
         Punch             |     2 |     2 |    17 ||    21
   Fire: Sling             |       |       |    60 ||    60
    Use: Potion            |       |       |     1 ||     1
   Stab: Sleeping          |     7 |     3 |     6 ||    16
         Distracted        |       |     1 |       ||     1
 Armour: Skin              |     9 |    34 |   138 ||   181
  Dodge: Dodged            |    21 |    39 |    94 ||   154
  Block: Kite shield       |       |       |    25 ||    25

Table legend: (Time is in decaauts)
 A = Elapsed time spent in this place.
 B = Non-inter-level travel time spent in this place.
 C = Inter-level travel time spent in this place.
 D = Time resting spent in this place.
 E = Time spent auto-exploring this place.
 F = Levels seen in this place.
 G = Mean time per level.
                   A        B        C        D        E       F      G
               +--------+--------+--------+--------+--------+-----+--------+
         Total |   6284 |   6106 |    178 |   2177 |   2751 |   6 | 1047.3 |
       Dungeon |   5952 |   5774 |    178 |   2008 |   2682 |   5 | 1190.4 |
       Ossuary |    332 |    332 |      0 |    169 |     69 |   1 |  332.0 |
               +--------+--------+--------+--------+--------+-----+--------+

Top non-repeatable levels by time:
     D:5: 3015 daAuts
     D:2: 939 daAuts
     D:4: 873 daAuts
     D:3: 667 daAuts
     D:1: 456 daAuts
 Ossuary: 332 daAuts
